 Dungeon Crawl Stone Soup version 0.23-a0-373-g305c090 (webtiles) character file.

109 Garbasso the Chopper (level 4, -2/24 HPs)
             Began as a Vine Stalker Berserker on Oct 25, 2018.
             Was a Believer of Trog.
             Engulfed by a cloud of flame (26 damage)
             ... on level 2 of the Dungeon.
             The game lasted 00:04:40 (1769 turns).

Garbasso the Chopper (Vine Stalker Berserker)       Turns: 1769, Time: 00:04:41

Health: -2/24      AC:  8    Str: 21    XL:     4   Next: 89%
Magic:  0/5        EV:  8    Int:  7    God:    Trog [**....]
Gold:   29         SH:  0    Dex: 13    Spells: 3/3 levels left

rFire    . . .     SeeInvis .   a - +0 hand axe
rCold    . . .     Gourm    .   (no shield)
rNeg     . . .     Faith    .   g - +0 chain mail
rPois    .         Spirit   +   (no helmet)
rElec    .         Reflect  .   (no cloak)
rCorr    .         Harm     .   (no gloves)
MR       .....                  (no boots)
Stlth    ..........             (no amulet)
HPRegen  0.48/turn              h - ring of flight
MPRegen  0.09/turn              (no ring)

@: no status effects
A: fangs 2, regeneration 1, magic shield, antimagic bite, no potion heal 3, rot
immunity
a: Berserk, Trog's Hand, Renounce Religion, Evoke Flight


You were on level 2 of the Dungeon.
You worshipped Trog.
Trog was pleased with you.
You were not hungry.

You visited 1 branch of the dungeon, and saw 2 of its levels.

You collected 29 gold pieces.

Inventory:

Hand Weapons
 a - a +0 hand axe (weapon)
Armour
 g - a +0 chain mail (worn)
Jewellery
 h - a ring of flight (left hand)
Scrolls
 b - 2 scrolls of amnesia {unknown}
 d - 3 scrolls of magic mapping {unknown}
 e - 2 scrolls of identify {unknown}
 j - a scroll of blinking {unknown}
 k - a scroll of enchant armour {unknown}
Potions
 f - a potion of brilliance {unknown}
 l - a potion of heal wounds {unknown}
 m - a potion of haste {unknown}
Comestibles
 c - 4 rations
 i - 2 chunks of flesh


   Skills:
 + Level 3.2 Fighting
 * Level 3.8 Axes
 + Level 2.1 Armour
 - Level 2.2 Dodging


You had 3 spell levels left.
You didn't know any spells.
Your spell library was empty.

Dungeon Overview and Level Annotations

Branches:
Dungeon (2/15)

Altars:
Vehumet


Innate Abilities, Weirdness & Mutations

You have extremely sharp teeth.
Your natural rate of healing is unusually fast.
When hurt, damage is shared between your health and your magic reserves.
Your bite disrupts and absorbs the magic of your enemies.
Potions cannot restore your health.
You are immune to rotting.


Message History

The bat hits you.
You barely miss the bat. Your bite misses the bat.
The bat hits you but does no damage. The bat hits you but does no damage.
The bat hits you but does no damage.
Found a viscous ruby potion.
Found a radiant altar of Vehumet.
You hit the bat.
You kill the bat!
Trog accepts your kill.
No target in view!
No target in view!
Found a ration.
Really walk into a travel-excluded area?
l - a green potion
There is a radiant altar of Vehumet here.
c - 4 rations (gained 1)
m - a viscous ruby potion You are engulfed in blazing flames.
Ouch! That really hurt!
You die...

#..#
#.....#####..
#..# ###
#......#.
##..#
#####.).#
#...# #..##
##.#.# ##..##
#....##
##...##
#.§...#
#......
#.§§..#
##......
#..@.§#
#.......
#.§.§.####
########
#.§..§....#
#.#
##...####..
#. ##.## ##
#.# #.# #.#
###### #..
......


There were no monsters in sight!

Vanquished Creatures
  6 adders (D:2)
  2 worms (D:2)
  2 leopard geckos (D:1)
  2 ball pythons
  4 giant cockroaches
  7 goblins (D:1)
  2 hobgoblins (D:2)
  3 kobolds (D:1)
  10 bats
  5 frilled lizards
  8 rats
51 creatures vanquished.

Vanquished Creatures (others)
  A kobold (D:2)
1 creature vanquished.

Grand Total: 52 creatures vanquished

Notes
Turn   | Place    | Note
-------+----------+-------------------------------------------
     0 | D:1      | Garbasso the Vine Stalker Berserker began the quest for the
                  | Orb.
     0 | D:1      | Reached XP level 1. HP: 11/11 MP: 2/2
   257 | D:1      | Reached XP level 2. HP: 15/16 MP: 3/3
   555 | D:1      | Reached XP level 3. HP: 19/20 MP: 4/4
  1264 | D:2      | Gained mutation: Your natural rate of healing is unusually
                  | fast. [Vine Stalker growth]
  1264 | D:2      | Reached XP level 4. HP: 22/24 MP: 5/5
  1395 | D:2      | Reached ** piety under Trog
  1752 | D:2      | Found a radiant altar of Vehumet.
  1769 | D:2      | Engulfed by a cloud of flame

Vault maps used:
D:1:      minmay_arrival_semitransparent, minmay_misc_feat_rows,
          kennysheep_another_room, minmay_tromino_i2
D:2:      fiery_altar_vehumet, first_ration, chequers_ecumenical_altar_twisty

Skill      XL: |  1  2  3  4 |
---------------+-------------+-----
Axes           | 3 |  3.8
Fighting       | 3 |  3.2
Dodging        | 2 |  2.2
Armour         | 2 |  2.1

Action                   |  1- 3 |  4- 6 || total
-------------------------+-------+-------++-------
Melee: Hand axe          |    73 |    59 ||   132
       Bite              |    15 |    12 ||    27
Invok: Berserk           |     1 |       ||     1
  Eat: Chunk             |     2 |     2 ||     4
Armor: Animal skin       |    14 |       ||    14
       Chain mail        |    19 |    44 ||    63
Dodge: Dodged            |    59 |    34 ||    93

Table legend:
 A = Non-vault XP
 B = Vault XP
 C = Vault XP percentage of total XP
 D = Non-vault monster count
 E = Vault monster count
 F = Vault count percentage of total count
                 A         B        C        D         E       F
            +---------+---------+-------+---------+---------+-------
      Total |     155 |       1 |   0.6 |      50 |       1 |   2.0
            +---------+---------+-------+---------+---------+-------
        D:1 |      47 |       1 |   2.1 |      29 |       1 |   3.3
        D:2 |     108 |       0 |   0.0 |      21 |       0 |   0.0
            +---------+---------+-------+---------+---------+-------
